 Dungeon Crawl Stone Soup version 0.30-a0-782-ge64f9170bb (webtiles) character file.

Game seed: 13393781982923347229

105 Bnni the Conjurer (level 4, -9/36 HPs)
             Began as a Draconian Conjurer on Mar 2, 2023.
             Was an Initiate of Vehumet.
             Mangled by a komodo dragon (shapeshifter) (16 damage)
             ... on level 4 of the Dungeon.
             The game lasted 00:04:48 (2752 turns).

Bnni the Conjurer (Draconian Conjurer)              Turns: 2752, Time: 00:04:49

Health: -9/36      AC:  7    Str:  9    XL:     4   Next: 53%
Magic:  2/8        EV: 12    Int: 24    God:    Vehumet [......]
Gold:   132        SH:  0    Dex:  9    Spells: 2/8 levels left

rFire   + . .      SeeInvis .    q - +8 whip of Gahikk {chaos, +Blink rF+ rCorr Int+3}
rCold   . . .      Faith    .    (no shield)
rNeg    . . .      Spirit   .    (body armour unavailable)
rPois   .          Reflect  .    (helmet restricted)
rElec   .          Harm     .    i - +0 cloak
rCorr   +          Rampage  .    b - +0 pair of gloves
Will    .....                    (no boots)
Stlth   ++                       (no amulet)
HPRegen 0.26/turn                (no ring)
MPRegen 0.11/turn                (no ring)

@: no status effects
A: AC +5, unfitting armour, cold-blooded
a: Renounce Religion, Evoke Blink


You were on level 4 of the Dungeon.
You worshipped Vehumet.
Vehumet was noncommittal.
You visited 2 branches of the dungeon, and saw 5 of its levels.

You collected 132 gold pieces.

Inventory:

Hand Weapons
 q - the +8 whip of Gahikk (weapon) {chaos, +Blink rF+ rCorr Int+3}
   (You found it on level 3 of the Dungeon)

   Int:       It affects your intelligence (+3).
   rF:        It protects you from fire.
   +Blink:    It lets you blink.
   rCorr:     It protects you from acid and corrosion.
Missiles
 l - a poisoned dart
Armour
 b - a +0 pair of gloves (worn)
 i - a +0 cloak (worn)
Scrolls
 e - 2 scrolls of enchant weapon {unknown}
 f - 5 scrolls of identify {unknown}
 g - a scroll of blinking {unknown}
 h - a scroll of magic mapping {unknown}
 k - a scroll of enchant armour {unknown}
 n - a scroll of immolation {unknown}
 p - a scroll of acquirement {unknown}
Potions
 a - a potion of magic
 c - a potion of flight {unknown}
 d - a potion of mutation {unknown}
 j - a potion of heal wounds {unknown}
 m - a potion of lignification {unknown}
 o - a potion of degeneration {unknown}


   Skills:
 + Level 2.0 Fighting
 - Level 1.7 Dodging
 - Level 1.7 Stealth
 + Level 2.8 Spellcasting
 * Level 5.1 Conjurations


You had 2 spell levels left.
You knew the following spells:

 Your Spells              Type           Power      Damage    Failure   Level
a - Magic Dart            Conj           100%       1d8       1%          1
b - Searing Ray           Conj           56%        2d6       1%          2
c - Mephitic Cloud        Conj/Pois/Air  11%        N/A       16%         3

Your spell library contained the following spells:

 Spells                   Type           Power      Damage    Failure   Level
 Call Imp                 Summ           3%         N/A       17%         2
 Ensorcelled Hibernation  Hex/Ice        6%         N/A       17%         2
 Passwall                 Tmut/Erth      2%         N/A       17%         2
 Dazzling Flash           Conj/Hex       30%        N/A       12%         3
 Swiftness                Air            3%         N/A       32%         3
 Fulminant Prism          Conj/Hex       7%         3d6       36%         4
 Iskenderun's Mystic Bla  Conj/Tloc      15%        2d5       36%         4


Dungeon Overview and Level Annotations

Branches:
Dungeon (4/15)             Temple (1/1) D:4

Altars:
Fedhas
Kikubaaqudgha
Okawaru
Ru
Sif Muna
Trog
Vehumet
Wu Jian
Yredelemnul
Zin
The Shining One

Shops:
D:2 !


Innate Abilities, Weirdness & Mutations

Your plain brown scales are hard. (AC +5)
You cannot fit into any form of body armour.
You are cold-blooded and may be slowed by cold attacks.


Message History

Your tail-slap misses the komodo dragon.
The komodo dragon is lightly wounded.
The komodo dragon bites you.
Throw: 4 darts (poison)
Press: ? - help, Shift-Dir - straight line, f/p - komodo dragon
Aim: a komodo dragon shaped shifter (lightly wounded, 62% to hit)
You throw a poisoned dart.
The poisoned dart hits the komodo dragon.
The komodo dragon is poisoned.
The komodo dragon is lightly wounded.
The komodo dragon closely misses you.
Throw: 3 darts (poison)
Press: ? - help, Shift-Dir - straight line, f/p - komodo dragon
Aim: a komodo dragon shaped shifter (lightly wounded, poisoned, 62% to hit)
You throw a poisoned dart.
The poisoned dart hits the komodo dragon.
The komodo dragon looks even sicker.
The komodo dragon is lightly wounded.
The komodo dragon barely misses you.
Throw: 2 darts (poison)
Press: ? - help, Shift-Dir - straight line, f/p - komodo dragon
Aim: a komodo dragon shaped shifter (lightly wounded, very poisoned, 62% to hit)
You throw a poisoned dart.
The poisoned dart closely misses the komodo dragon.
The komodo dragon bites you!!
Ouch! That really hurt!
* * * LOW HITPOINT WARNING * * *
Okay, then.
You aren't carrying any items that you can evoke.
Unknown command.
You closely miss the komodo dragon.
The komodo dragon is lightly wounded.
The komodo dragon misses you.
You hit the komodo dragon. You freeze the komodo dragon.
The komodo dragon is moderately wounded.
The komodo dragon barely misses you.
You whack the komodo dragon! You burn the komodo dragon.
The komodo dragon is heavily wounded.
The komodo dragon bites you!
You die...

...............##
.........(....######..
.#..................(.
......................
#.........#....######
#........##..).#
........###...)##
........##..###l##
.......###..# ##@####
.....#.##...# ##...#
#######.....# #####
#####.# #.


You could see a komodo dragon shaped shifter (poisoned).

Vanquished Creatures
  3 gnolls (D:4)
  2 adders
  An ufetubus (D:4)
  2 worms
  A dart slug (D:2)
  An orc (D:4)
  6 endoplasms
  3 giant cockroaches (D:3)
  4 goblins
  4 hobgoblins
  2 jackals (D:1)
  2 kobolds
  8 ball pythons
  3 bats
  A frilled lizard (D:1)
  A rat (D:1)
44 creatures vanquished.

Notes
Turn   | Place    | Note
-------+----------+-------------------------------------------
     0 | D:1      | Bnni the Draconian Conjurer began the quest for the Orb.
     0 | D:1      | Reached XP level 1. HP: 14/14 MP: 3/3
   255 | D:1      | Reached XP level 2. HP: 22/22 MP: 1/5
   479 | D:1      | Reached skill level 1 in Fighting
   486 | D:1      | Learned a level 2 spell: Searing Ray
   775 | D:2      | Reached XP level 3. HP: 21/28 MP: 0/6
   962 | D:2      | Found Qorchuugg's Distillery.
  1907 | D:3      | Found a faded altar of an unknown god.
  2257 | D:3      | Identified the +8 whip of Gahikk {chaos, +Blink rF+ rCorr
                  | Int+3}
  2420 | D:4      | Found a staircase to the Ecumenical Temple.
  2429 | Temple   | Entered the Ecumenical Temple
  2452 | Temple   | Became a worshipper of Vehumet
  2547 | D:4      | Reached XP level 4. HP: 36/36 MP: 4/7
  2712 | D:4      | Reached skill level 5 in Conjurations
  2725 | D:4      | Learned a level 3 spell: Mephitic Cloud
  2730 | D:4      | Noticed a black bear
  2744 | D:4      | a black bear changed into a shapeshifter
  2744 | D:4      | Noticed a shapeshifter (shapeshifter)
  2744 | D:4      | a shapeshifter changed into a komodo dragon
  2744 | D:4      | Noticed a komodo dragon (shapeshifter)
  2752 | D:4      | Mangled by a komodo dragon (shapeshifter)

Illustrated notes

Levels and vault maps discovered:
D:1:      mrwooster_arrival_statue, layout_rooms
D:2:      layout_loops_ring, serial_shops, shop_statue
D:3:      layout_basic, shapermc_ecumenical_altar_starsandcircs
D:4:      layout_layer_cave, minmay_temple_entry_ruins, serial_shops, shop
Temple:   nicolae_temple_ecumenical_triangle

Skill      XL: |  1  2  3  4 |
---------------+-------------+-----
Fighting       | 1 2 |  2.0
Conjurations   | 5 |  5.1
Dodging        | |  1.7
Stealth        | |  1.7
Spellcasting   | |  2.8

Action                     |  1- 3 |  4- 6 || total
---------------------------+-------+-------++-------
  Melee: Unarmed           |     2 |       ||     2
         Dagger            |    34 |       ||    34
         Tailslap          |     2 |     1 ||     3
         Punch             |     1 |       ||     1
         Whip              |       |    16 ||    16
  Throw: Dart              |     1 |     3 ||     4
   Cast: Magic Dart        |    60 |     4 ||    64
         Searing Ray       |     1 |     1 ||     2
         Mephitic Cloud    |       |     1 ||     1
   Stab: Sleeping          |     1 |       ||     1
 Armour: Skin              |     9 |     3 ||    12
  Dodge: Dodged            |    24 |    13 ||    37

Table legend: (Time is in decaauts)
 A = Elapsed time spent in this place.
 B = Non-inter-level travel time spent in this place.
 C = Inter-level travel time spent in this place.
 D = Time resting spent in this place.
 E = Time spent auto-exploring this place.
 F = Levels seen in this place.
 G = Mean time per level.
                   A        B        C        D        E       F      G
               +--------+--------+--------+--------+--------+-----+--------+
         Total |   2753 |   2655 |     98 |      0 |   2322 |   5 |  550.6 |
       Dungeon |   2718 |   2630 |     88 |      0 |   2310 |   4 |  679.5 |
        Temple |     34 |     24 |     10 |      0 |     12 |   1 |   34.0 |
               +--------+--------+--------+--------+--------+-----+--------+

Top non-repeatable levels by time:
     D:3: 927 daAuts
     D:2: 799 daAuts
     D:1: 663 daAuts
     D:4: 328 daAuts
  Temple: 34 daAuts
